 Dungeon Crawl Stone Soup version 0.29.1-15-g9cfb28693d (webtiles) character file.

Game seed: 2464870771848665625

2207 ahallab the Firebug (level 9, -5/62 HPs)
             Began as a Green Draconian Fire Elementalist on Apr 17, 2023.
             Was a Follower of Vehumet.
             Slain by a gargoyle
             ... wielding a +0 flail
              (8 damage)
             ... on level 7 of the Dungeon on Apr 18, 2023.
             The game lasted 00:30:17 (8649 turns).

ahallab the Firebug (DrFE)                          Turns: 8649, Time: 00:30:18

Health: -5/62      AC:  9    Str: 15    XL:     9   Next: 13%
Magic:  4/17       EV: 19    Int: 24    God:    Vehumet [*.....]
Gold:   725        SH:  0    Dex: 16    Spells: 12/19 levels left

rFire   . . .      SeeInvis +   j - +0 dagger
rCold   . . .      Faith    +   (no shield)
rNeg    . . .      Spirit   .   (body armour unavailable)
rPois   +          Reflect  .   (helmet restricted)
rElec   .          Harm     .   i - +0 cloak
rCorr   .          Rampage  .   (no gloves)
Will    .....                   J - +0 pair of boots
Stlth   ++........              k - amulet of faith
HPRegen 0.20/turn               l - ring of see invisible
MPRegen 0.15/turn               u - ring of Heelai {EV+4 Str+4 Int+5 Dex+4}

@: short of breath
A: breathe noxious fumes, AC +7, unfitting armour, poison resistance,
cold-blooded
a: Breathe Noxious Fumes, Renounce Religion


You were on level 7 of the Dungeon.
You worshipped Vehumet.
Vehumet was aware of your devotion.
You visited 2 branches of the dungeon, and saw 8 of its levels.

You collected 725 gold pieces.

Inventory:

Hand Weapons
 j - a +0 dagger (weapon)
Missiles
 f - 14 poisoned darts
 s - 2 throwing nets
Armour
 i - a +0 cloak (worn)
 J - a +0 pair of boots (worn)
Jewellery
 a - an amulet of guardian spirit
 k - an amulet of faith (around neck)
 l - a ring of see invisible (left hand)
 o - a ring of wizardry
 p - an amulet of faith
 u - the ring of Heelai (right hand) {EV+4 Str+4 Int+5 Dex+4}
   (You found it on level 7 of the Dungeon)

   [ring of evasion]

   EV:        It affects your evasion (+4).
   Str:       It affects your strength (+4).
   Int:       It affects your intelligence (+5).
   Dex:       It affects your dexterity (+4).
 E - a ring of ice
Wands
 y - a wand of flame (19)
 D - a wand of charming (4)
Scrolls
 b - 2 scrolls of poison {unknown}
 c - a scroll of enchant armour {unknown}
 n - 2 scrolls of amnesia {unknown}
 q - a scroll of fear {unknown}
 r - a scroll of acquirement {unknown}
 x - 2 scrolls of teleportation {unknown}
 B - 2 scrolls of vulnerability {unknown}
 C - 4 scrolls of identify
 G - a scroll of blinking {unknown}
Potions
 d - a potion of cancellation {unknown}
 e - 2 potions of flight {unknown}
 g - 3 potions of attraction {unknown}
 h - 7 potions of heal wounds
 m - 2 potions of berserk rage {unknown}
 t - a potion of ambrosia {unknown}
 v - a potion of invisibility {unknown}
 w - a potion of mutation {unknown}
 z - a potion of lignification {unknown}
 A - 2 potions of curing {unknown}
 F - a potion of haste {unknown}
 H - a potion of brilliance {unknown}
 I - a potion of degeneration {unknown}


   Skills:
 + Level 5.7 Dodging
 - Level 1.7 Stealth
 + Level 5.8 Spellcasting
 + Level 6.1 Conjurations
 + Level 6.7 Fire Magic


You had 12 spell levels left.
You knew the following spells:

 Your Spells              Type           Power      Damage    Failure   Level
a - Foxfire               Conj/Fire      100%       2x1d9     1%          1
b - Scorch                Fire           78%        2d8       1%          2
c - Flame Wave            Conj/Fire      37%        2d10      6%          4

Your spell library contained the following spells:

 Spells                   Type           Power      Damage    Failure   Level
 Sandblast                Erth           14%        2d6       9%          1
 Conjure Flame            Conj/Fire      37%        6-21      1%          3
 Inner Flame              Hex/Fire       23%        N/A       6%          3
 Gell's Gravitas          Tloc           7%         N/A       24%         3
 Lesser Beckoning         Tloc           7%         N/A       24%         3
 Summon Guardian Golem    Hex/Summ       7%         N/A       24%         3
 Teleport Other           Tloc           7%         N/A       24%         3
 Orb of Destruction       Conj           18%        9d8       99%         7
 Spellforged Servitor     Conj/Summ      10%        N/A       100%        7


Dungeon Overview and Level Annotations

Branches:
Dungeon (7/15)             Temple (1/1) D:6

Altars:
Ashenzari
Cheibriados
Dithmenos
Elyvilon
Fedhas
Gozag
Hepliaklqana
Kikubaaqudgha
Nemelex Xobeh
Okawaru
Qazlal
Ru
Sif Muna
Trog
Uskayaw
Vehumet
Wu Jian
Xom
Yredelemnul
The Shining One


Innate Abilities, Weirdness & Mutations

You can breathe blasts of noxious fumes.
Your lurid green scales are hard. (AC +7)
You cannot fit into any form of body armour.
Your system is resistant to poisons. (rPois)
You are cold-blooded and may be slowed by cold attacks.


Message History

The orc wizard is engulfed in noxious fumes.
The orc wizard appears confused.
The orc is engulfed in noxious fumes.
The orc appears confused.
The gargoyle closely misses you.
Casting: Scorch (safe; 1% risk of failure)
Confirm with . or Enter, or press ? or * to list all spells.
Casting: Flame Wave (dangerous; 6% risk of failure)
Press: ? - help, Dir - look around, f - activate A wave of flame ripples out!
The flame wave engulfs the gargoyle!
The gargoyle is burned terribly!
The gargoyle is severely damaged. (Press . to intensify the flame waves.)
You hear a croak.
The orc wizard is engulfed in noxious fumes.
The orc wizard appears confused.
The gargoyle misses you.
A wave of flame ripples out!
The flame wave engulfs the gargoyle.
The gargoyle is burned terribly!
The gargoyle is almost destroyed.
The orc wizard is engulfed in noxious fumes.
The orc wizard appears confused.
The orc wizard hits the orc with a +0 dagger.
The gargoyle hurls a stone arrow at you.
The stone arrow misses you.
A wave of flame ripples out!
The flame wave engulfs the gargoyle but does no damage.
The gargoyle is almost destroyed.
You finish channelling waves of flame.
The orc wizard is engulfed in noxious fumes.
The orc wizard appears confused.
The gargoyle hurls a stone arrow at you.
The stone arrow hits you!!
* * * LOW HITPOINT WARNING * * *
Casting: Flame Wave (dangerous; 6% risk of failure)
Confirm with . or Enter, or press ? or * to list all spells.
Flames lash the gargoyle but do no damage.
The gargoyle hurls a stone arrow at you.
The stone arrow misses you.
Casting: Scorch (safe; 1% risk of failure)
Confirm with . or Enter, or press ? or * to list all spells.
You conjure some foxfire!
The gargoyle hits you with a +0 flail!
You die...

#......##### #.#
..#.#...########.######
#.#........#........<.#
#.##........)##.#####.#
#.##.....#.####.#.....
#.###...#...# #.#....
#.# #####..># #.#..#
..# ...# #.#v.#..## #.#
..# #.@9.....# #.#
.......v.)#.##.
#.#######...###.#....o
#.#........ .....#.#).
........... ......# .#
..#........ ......## #
#.#######.........# #.#
..#### ## ..#


You could see a gargoyle (combustible, ally target) and an orc wizard
(confused).

Vanquished Creatures
  Sigmund (D:4)
  2 ice beasts
  2 black bears
  An ogre (D:5)
  2 phantoms
  A bullfrog (D:7)
  3 scorpions
  3 wights (D:7)
  7 crimson imps (D:7)
  5 hounds
  2 jellies
  3 orc priests (D:4)
  A gnoll bouda (D:5)
  3 iguanas
  4 orc wizards
  4 gnolls (D:5)
  6 adders
  3 white imps
  2 ufetubi
  5 worms
  7 dart slugs
  20 orcs
  4 bats
  8 endoplasms
  6 giant cockroaches
  7 goblins
  16 hobgoblins
  11 jackals
  14 kobolds
  2 quokkas (D:1)
  8 ball pythons
  3 frilled lizards
  4 rats
170 creatures vanquished.

Vanquished Creatures (collateral kills)
  A white imp (D:7)
  3 foxfires (D:3)
4 creatures vanquished.

Vanquished Creatures (others)
  A butterfly (D:3)
  458 foxfires
459 creatures vanquished.

Grand Total: 633 creatures vanquished

Notes
Turn   | Place    | Note
-------+----------+-------------------------------------------
     0 | D:1      | ahallab the Draconian Fire Elementalist began the quest for
                  | the Orb.
     0 | D:1      | Reached XP level 1. HP: 14/14 MP: 3/3
   654 | D:1      | Reached XP level 2. HP: 17/20 MP: 0/5
  1197 | D:1      | Reached XP level 3. HP: 26/26 MP: 4/6
  1550 | D:2      | Learned a level 2 spell: Scorch
  1964 | D:2      | Reached XP level 4. HP: 33/33 MP: 2/7
  1989 | D:2      | HP: 1/33 [dart slug/slug dart (3)]
  2458 | D:2      | Found a faded altar of an unknown god.
  2718 | D:3      | Found a white marble altar of Elyvilon.
  3196 | D:3      | Reached XP level 5. HP: 38/38 MP: 6/9
  3292 | D:3      | Learned a level 4 spell: Flame Wave
  4114 | D:4      | Noticed Sigmund
  4126 | D:4      | Killed Sigmund
  4127 | D:4      | Reached XP level 6. HP: 45/45 MP: 3/11
  4824 | D:4      | Your scales start taking on a lurid green colour.
  4824 | D:4      | Reached XP level 7. HP: 50/50 MP: 2/12
  4824 | D:4      | Gained mutation: Your system is resistant to poisons.
                  | (rPois) [Green Draconian growth]
  5459 | D:4      | Found a bloodstained altar of Trog.
  5563 | D:4      | Reached skill level 5 in Fire Magic
  5921 | D:5      | Entered Level 5 of the Dungeon
  5921 | D:5      | Found a broken altar of Ashenzari.
  6063 | D:5      | Reached XP level 8. HP: 57/57 MP: 2/15
  6186 | D:5      | Found a radiant altar of Vehumet.
  6210 | D:5      | Became a worshipper of Vehumet
  6296 | D:5      | Reached skill level 5 in Conjurations
  6485 | D:5      | Found a blossoming altar of Fedhas.
  6531 | D:5      | Reached skill level 5 in Spellcasting
  6884 | D:6      | Reached skill level 5 in Dodging
  7211 | D:6      | Found a staircase to the Ecumenical Temple.
  7284 | Temple   | Entered the Ecumenical Temple
  8310 | D:7      | Reached * piety under Vehumet
  8310 | D:7      | Offered knowledge of Sandblast by Vehumet.
  8311 | D:7      | Reached XP level 9. HP: 54/62 MP: 17/17
  8494 | D:7      | Identified the ring of Heelai {EV+4 Str+4 Int+5 Dex+4}
  8531 | D:7      | Found a glowing golden altar of the Shining One.
  8641 | D:7      | Noticed a gargoyle
  8647 | D:7      | HP: 2/62 [gargoyle/stone arrow (30)]
  8649 | D:7      | Slain by a gargoyle

Illustrated notes

Levels and vault maps discovered:
D:1:      arrival_zaba_pyramid, layout_basic, minivault_19, glass_columns_b
D:2:      layout_rooms, hellmonk_ecumenical_altar_crossroads, hex_intersection
D:3:      layout_basic, nicolae_elyvilon_peaceful_grove
D:4:      minmay_spotlight, layout_loops_corners, trog_hazing_becter,
          uniq_sigmund
D:5:      layout_cave_pools, nicolae_vehumet_altar_sigil, lemuel_tele_altar,
          ashenzari_altar_1
D:6:      layout_basic, minmay_temple_entry_mini_moons
D:7:      layout_loops_cross, old_standard_altar, tso_altar, minmay_nine_imps
Temple:   nicolae_temple_bog_church

Skill      XL: |  1  2  3  4  5  6  7  8  9 |
---------------+----------------------------+-----
Dodging        | 2 3 4 5 |  5.7
Conjurations   | 2 3 4 5 6 |  6.1
Spellcasting   | 3 4 5 |  5.8
Fire Magic     | 4 5 6 |  6.7
Stealth        | |  1.7

Action                   |  1- 3 |  4- 6 |  7- 9 || total
-------------------------+-------+-------+-------++-------
Melee: Unarmed           |    37 |       |       ||    37
       Tailslap          |     3 |     5 |    10 ||    18
       Punch             |     1 |       |       ||     1
       Dagger            |       |    27 |    47 ||    74
 Cast: Foxfire           |    67 |    93 |   112 ||   272
       Scorch            |       |    15 |    37 ||    52
       Flame Wave        |       |     1 |     6 ||     7
 Abil: Breathe Noxious F |       |       |    10 ||    10
Evoke: Wand              |       |       |    10 ||    10
  Use: Scroll            |       |     2 |       ||     2
       Potion            |       |     1 |     4 ||     5
Armor: Skin              |    21 |    25 |    35 ||    81
Dodge: Dodged            |    42 |    61 |    94 ||   197
